 Dungeon Crawl Stone Soup version 0.25-a0-105-g2289b3b9f1 (console) character file.

Game seed: 9110212631436973458, levelgen mode: deterministic

226 Kagalorn the Shooter (level 5, 46/46 HPs)
             Began as a Centaur Hunter on Nov 16, 2019.
             Quit the game in a sewer.
             The game lasted 00:07:28 (2423 turns).

Kagalorn the Shooter (Centaur Hunter)               Turns: 2423, Time: 00:07:29

Health: 46/46      AC:  5    Str: 16    XL:     5   Next: 69%
Magic:  5/5        EV: 14    Int: 10    God:
Gold:   140        SH:  4    Dex: 12    Spells: 4/4 levels left

rFire    . . .     SeeInvis .   b - +0 short sword
rCold    . . .     Gourm    .   (no shield)
rNeg     . . .     Faith    .   q - +0 ring mail
rPois    .         Spirit   .   (helmet restricted)
rElec    .         Reflect  .   (no cloak)
rCorr    .         Harm     .   (no gloves)
MR       .....                  (no barding)
Stlth    +.........             (no amulet)
HPRegen  0.15/turn              (no ring)
MPRegen  0.09/turn              (no ring)

@: agile, very quick
A: large, hooves 3, horns 1, large bone plates 1, clumsy 1, deformed body, speed
2, tough skin 3
a: no special abilities


You were in a sewer.
You were hungry.

You visited 1 branch of the dungeon, and saw 3 of its levels.
You also visited: Sewer.

You collected 140 gold pieces.

Inventory:

Hand Weapons
 a - a +1 shortbow
 b - a +0 short sword (weapon)
Missiles
 d - 57 arrows
 s - 26 bolts
Armour
 c - a +0 leather armour
 q - a +0 ring mail (worn)
Jewellery
 k - an uncursed amulet of faith {unknown}
Wands
 p - a wand of disintegration (16)
Scrolls
 g - 2 scrolls of identify {unknown}
 j - 4 scrolls of magic mapping {unknown}
 l - 2 scrolls of amnesia {unknown}
 m - a scroll of random uselessness {unknown}
 n - 4 scrolls of remove curse {unknown}
 r - 2 scrolls of immolation {unknown}
 u - 2 scrolls of teleportation {unknown}
 x - a scroll of fog {unknown}
 y - a scroll of blinking {unknown}
Potions
 e - a potion of resistance
 i - a potion of mutation
 v - 3 potions of haste
Comestibles
 f - 9 rations


   Skills:
 + Level 3.8 Fighting
 + Level 7.6 Bows
 - Level 2.0 Dodging
 + Level 0.6 Stealth


You had 4 spell levels left.
You didn't know any spells.
Your spell library was empty.

Dungeon Overview and Level Annotations

Branches:
Dungeon (3/15)              Sewer (1/1)

Altars:
Elyvilon


Innate Abilities, Weirdness & Mutations

You have hooves in place of feet.
Armour fits poorly on your strangely shaped body.
You cover ground very quickly.
You have extremely tough skin. (AC +3)
You have a pair of small horns on your head.
You are partially covered in large bone plates. (SH +4)
You are clumsy. (Dex -2)


Message History

Moving in this stuff is going to be slow.
It was a potion of resistance.
You feel protected.
It was a potion of mutation.
You feel extremely strange.
You feel clumsy. A pair of horns grows on your head!
Large bone plates grow over parts of your arms.
It was a potion of haste.
You feel yourself speed up.
It was a potion of cancellation.
Your magical effects are unravelling.
You feel magically purged.
You feel yourself slow down.
Your resistance to elements expires.
It was a potion of agility.
You feel agile all of a sudden.
It was a potion of heal wounds.
You feel much better.
It was a potion of magic.
Magic courses through your body. Why would you want to do that?
Why would you want to do that? Why would you want to do that?
Why would you want to do that?
Are you sure you want to abandon this character and quit the game? (Confirm with "yes".)

#.....≈≈≈≈..∩≈≈≈≈≈≈≈≈≈...≈≈≈†.
#≈≈...####.≈≈≈≈#####.....####≈
##..≈## ##≈≈≈## ##≈≈≈## ##
##≈## ##≈## ##≈## # #≈# #≈##
#≈# #≈# #≈≈ #≈# #≈# #≈## #≈#
##≈## ##≈## ##≈## # ##..≈##
##.≈@## ##≈≈.## ##
#..≈..####.....#####.....####.
#...≈.≈≈≈≈....≈≈≈≈≈≈≈.∩≈.≈≈≈≈.
#...≈.####....≈#####.....####.
##...## ##≈.≈## ##...## ##
##### ##≈## ##≈## # #≈# #≈#
#≈# #†# #### ##≈## ##≈##


There were no monsters in sight!

Vanquished Creatures
  A big kobold (Sewer)
  8 adders
  A river rat (Sewer)
  2 oozes (Sewer)
  2 worms
  A dart slug (D:1)
  An orc (D:3)
  3 giant cockroaches (D:1)
  7 goblins
  3 hobgoblins
  8 jackals
  A quokka (D:2)
  A ball python (Sewer)
  7 bats
  4 frilled lizards
  8 kobolds
  12 rats
70 creatures vanquished.

Notes
Turn   | Place    | Note
-------+----------+-------------------------------------------
     0 | D:1      | Kagalorn the Centaur Hunter began the quest for the Orb.
     0 | D:1      | Reached XP level 1. HP: 17/17 MP: 1/1
   455 | D:1      | Reached XP level 2. HP: 13/24 MP: 2/2
   639 | D:1      | Reached skill level 6 in Bows
  1177 | D:2      | Reached XP level 3. HP: 29/29 MP: 3/3
  1194 | D:2      | Found a white marble altar of Elyvilon.
  1361 | D:2      | Reached XP level 4. HP: 29/37 MP: 4/4
  1713 | D:2      | Reached skill level 7 in Bows
  1908 | D:3      | Found a glowing drain.
  1919 | Sewer    | Entered a sewer
  2185 | Sewer    | Noticed a big kobold
  2195 | Sewer    | Killed a big kobold
  2195 | Sewer    | Reached XP level 5. HP: 35/45 MP: 5/5
  2417 | Sewer    | Gained mutation: You are clumsy. (Dex -2) [potion of
                  | mutation]
  2417 | Sewer    | Gained mutation: You have a pair of small horns on your
                  | head. [potion of mutation]
  2417 | Sewer    | Gained mutation: You are partially covered in large bone
                  | plates. (SH +4) [potion of mutation]
  2423 | Sewer    | Quit the game

Levels and vault maps discovered:
D:1:      saegor_arrival_simple_c, layout_loops_corners, roderic_serpentine_path
D:2:      layout_loops_ring, elyvilon_altar_5, minivault_11
D:3:      layout_basic, cheibrodos_sewer_entry_sluice, uniq_natasha
Sewer:    sewer_co_15_rooms

Skill      XL: |  1  2  3  4 |
---------------+-------------+-----
Bows           | 6 7 |  7.6
Dodging        | 2 |  2.0
Fighting       | 3 |  3.8
Stealth        | |  0.6

Action                   |  1- 3 |  4- 6 || total
-------------------------+-------+-------++-------
Melee: Short sword       |   110 |   114 ||   224
       Kick              |    18 |    19 ||    37
 Fire: Shortbow          |    26 |    23 ||    49
  Use: Potion            |       |     7 ||     7
  Eat: Chunk             |       |     3 ||     3
Armor: Leather armour    |    47 |       ||    47
       Ring mail         |     7 |    56 ||    63
       Skin              |     2 |       ||     2
Dodge: Dodged            |    74 |    63 ||   137

Table legend:
 A = Non-vault XP
 B = Vault XP
 C = Vault XP percentage of total XP
 D = Non-vault monster count
 E = Vault monster count
 F = Vault count percentage of total count
                 A         B        C        D         E       F
            +---------+---------+-------+---------+---------+-------
      Total |     146 |     177 |  54.8 |      51 |      19 |  27.1
            +---------+---------+-------+---------+---------+-------
        D:1 |      38 |       0 |   0.0 |      24 |       0 |   0.0
        D:2 |     103 |       0 |   0.0 |      25 |       0 |   0.0
        D:3 |       5 |       1 |  16.7 |       2 |       1 |  33.3
      Sewer |       0 |     176 | 100.0 |       0 |      18 | 100.0
            +---------+---------+-------+---------+---------+-------
